 Dungeon Crawl Stone Soup version 0.30-a0-711-gf4ac18a38d (webtiles) character file.

Game seed: 3700256545949352851

19 Sabo the Firebug (level 2, -1/17 HPs)
             Began as an Octopode Fire Elementalist on Jan 22, 2023.
             Slain by a jackal (2 damage)
             ... on level 1 of the Dungeon.
             The game lasted 00:05:21 (1077 turns).

Sabo the Firebug (Octopode Fire Elementalist)       Turns: 1077, Time: 00:05:21

Health: -1/17      AC:  1    Str:  7    XL:     2   Next: 75%
Magic:  3/5        EV: 13    Int: 17    God:
Gold:   13         SH:  0    Dex: 12    Spells: 4/5 levels left

rFire   . . .      SeeInvis .    d - +0 trident
rCold   . . .      Faith    .    (no shield)
rNeg    . . .      Spirit   .    (helmet restricted)
rPois   .          Reflect  .    (no amulet)
rElec   .          Harm     .    (no ring)
rCorr   .          Rampage  .    (no ring)
Will    .....                    (no ring)
Stlth   +++                      (no ring)
HPRegen 0.22/turn                (no ring)
MPRegen 0.09/turn                (no ring)
                                 (no ring)
                                 (no ring)

@: no status effects
A: almost no armour, amphibious, 8 rings, camouflage 1, gelatinous body 1,
(nimble swimmer 1), tentacles
a: no special abilities


You were on level 1 of the Dungeon.
You visited 1 branch of the dungeon, and saw 1 of its levels.

You collected 13 gold pieces.

Inventory:

Hand Weapons
 d - a +0 trident (weapon)
Scrolls
 b - 2 scrolls of magic mapping {unknown}
 f - a scroll of noise {unknown}
Potions
 a - a potion of magic
 c - 2 potions of haste {unknown}
 e - a potion of lignification {unknown}
 g - 2 potions of mutation {unknown}


   Skills:
 + Level 0.8 Polearms
 + Level 2.3 Dodging
 + Level 2.7 Stealth
 + Level 2.2 Spellcasting
 + Level 1.0 Conjurations
 + Level 3.3 Fire Magic


You had 4 spell levels left.
You knew the following spells:

 Your Spells              Type           Power      Damage    Failure   Level
a - Foxfire               Conj/Fire      36%        2x1d5     8%          1

Your spell library contained the following spells:

 Spells                   Type           Power      Damage    Failure   Level
 Scorch                   Fire           26%        2d6       8%          2
 Inner Flame              Hex/Fire       7%         N/A       28%         3
 Kindle Blastsparks       Fire/Tloc/Air  10%        2d10      36%         3
 Flame Wave               Conj/Fire      9%         2d6       61%         4


Dungeon Overview and Level Annotations

Branches:
Dungeon (1/15)

Altars:


Innate Abilities, Weirdness & Mutations

You cannot wear most types of armour.
You are amphibious.
You can wear up to eight rings at the same time.
Your skin changes colour to match your surroundings (Stealth+).
Your rubbery body absorbs attacks. (AC +1, EV +1)
((You are camouflaged when in or above water. (Stealth+)))
You have tentacles for arms and can constrict up to eight enemies at once.


Message History

Okay, then.
There is a stone staircase leading down here.
The jackal barely misses you. The jackal attacks as you move away!
The jackal barely misses you.
Casting: Foxfire (safe; 8% risk of failure)
Confirm with . or Enter, or press ? or * to list all spells.
You conjure some foxfire!
The jackal closely misses you.
The foxfire hits the jackal but does no damage.
The foxfire hits the jackal.
The jackal is severely wounded.
The jackal closely misses you.
You closely miss the jackal. Your grab misses the jackal.
Your squeeze misses the jackal. The jackal bites you.
You closely miss the jackal. Your grab misses the jackal.
The jackal is severely wounded.
The jackal barely misses you. The jackal closely misses you.
You barely miss the jackal. You grab the jackal. You squeeze the jackal.
The jackal is almost dead.
You constrict the jackal.
You kill the jackal!
The jackal bites you. x3
A jackal comes into view.
You closely miss the jackal. Your grab misses the jackal.
The jackal misses you. x2; The jackal closely misses you.
The jackal bites you but does no damage.
You hit the jackal. Your grab misses the jackal.
Your squeeze misses the jackal.
The jackal is almost dead.
The jackal bites you. x3; The jackal barely misses you.
You barely miss the jackal. You grab the jackal. You squeeze the jackal.
You kill the jackal!
The jackal bites you.
* * * LOW HITPOINT WARNING * * *
The jackal closely misses you.
Casting: Foxfire (safe; 8% risk of failure)
Confirm with . or Enter, or press ? or * to list all spells.
You conjure some foxfire!
The jackal bites you.
* * * LOW HITPOINT WARNING * * *
The jackal bites you.
You die...

........# #.##.#.
.######...#..h..
..### .........
....# #.......###
#..............>#
#.#.#.#########.#
#.#.# ..........#
..#.###########h###
...............h@v#
#.....#########.#v#
......# #.#.#
...#### #.#.# ...#
#.#.# ...#####
#.#.# ....... #.#.#
......# #.#.#
....#.# #[#


You could see 2 jackals.

Vanquished Creatures
  A ball python (D:1)
  2 bats (D:1)
  An endoplasm (D:1)
  A giant cockroach (D:1)
  A goblin (D:1)
  2 hobgoblins (D:1)
  2 jackals (D:1)
  4 kobolds (D:1)
  A rat (D:1)
15 creatures vanquished.

Vanquished Creatures (others)
  40 foxfires (D:1)
40 creatures vanquished.

Grand Total: 55 creatures vanquished

Notes
Turn   | Place    | Note
-------+----------+-------------------------------------------
     0 | D:1      | Sabo the Octopode Fire Elementalist began the quest for the
                  | Orb.
     0 | D:1      | Reached XP level 1. HP: 11/11 MP: 3/3
     2 | D:1      | Noticed a tengu
     2 | D:1      | Noticed a spriggan
     4 | D:1      | Noticed a human
     6 | D:1      | Noticed a troll
     6 | D:1      | Noticed a demigod
     8 | D:1      | Noticed a demonspawn
     8 | D:1      | Noticed a draconian
    10 | D:1      | Noticed an armataur
    10 | D:1      | Noticed a meteoran
    12 | D:1      | Noticed a merfolk
    12 | D:1      | Noticed an ogre
    14 | D:1      | Noticed a gargoyle
    16 | D:1      | Noticed a vampire
    18 | D:1      | Noticed an elf
    18 | D:1      | Noticed a vine stalker
    20 | D:1      | Noticed a ghoul
    20 | D:1      | Noticed a minotaur
    22 | D:1      | Noticed a felid
    22 | D:1      | Noticed an octopode
    24 | D:1      | Noticed a formicid
    24 | D:1      | Noticed a formicid
    26 | D:1      | Noticed a vine stalker
    26 | D:1      | Noticed a ghoul
   267 | D:1      | Reached XP level 2. HP: 17/17 MP: 3/5
  1077 | D:1      | Slain by a jackal

Illustrated notes

Levels and vault maps discovered:
D:1:      kb_arrival_jail, layout_basic

Action                     || total
---------------------------++-------
  Melee: Trident           ||    12
         Constrict         ||     5
         Tentacles         ||     3
   Cast: Foxfire           ||    25
 Armour: Skin              ||     5
  Dodge: Dodged            ||    20

Table legend: (Time is in decaauts)
 A = Elapsed time spent in this place.
 B = Non-inter-level travel time spent in this place.
 C = Inter-level travel time spent in this place.
 D = Time resting spent in this place.
 E = Time spent auto-exploring this place.
 F = Levels seen in this place.
 G = Mean time per level.
                   A        B        C        D        E       F      G
               +--------+--------+--------+--------+--------+-----+--------+
         Total |   1079 |   1079 |      0 |    291 |      0 |   1 | 1079.0 |
       Dungeon |   1079 |   1079 |      0 |    291 |      0 |   1 | 1079.0 |
               +--------+--------+--------+--------+--------+-----+--------+

Top non-repeatable levels by time:
     D:1: 1079 daAuts
